 Dungeon Crawl Stone Soup version 0.21.1-1-g345015f (webtiles) character file.

64 empire the Covered (level 3, -7/33 HPs)
             Began as a Minotaur Fighter on Apr 16, 2018.
             Killed by divine providence
             ... invoked by an orc priest
              (11 damage)
             ... on level 2 of the Dungeon.
             The game lasted 00:02:14 (980 turns).

empire the Covered (Minotaur Fighter)                Turns: 980, Time: 00:02:15

Health: -7/33      AC:  7    Str: 21    XL:     3   Next: 91%
Magic:  2/2        EV: 13    Int:  5    God:
Gold:   97         SH: 10    Dex: 14    Spells: 2/2 levels left

rFire    . . .     SeeInvis .   a - +0 long sword
rCold    . . .     Gourm    .   c - +0 shield
rNeg     . . .     Faith    .   b - +0 scale mail
rPois    .         Spirit   .   (helmet restricted)
rElec    .         Reflect  .   (no cloak)
rCorr    .         Harm     .   (no gloves)
MR       .....                  (no boots)
Stlth    +.........             (no amulet)
HPRegen  0.11/turn              (no ring)
MPRegen  0.08/turn              (no ring)

@: agile
A: retaliatory headbutt, horns 2
a: no special abilities


You were on level 2 of the Dungeon.
You were hungry.

You visited 1 branch of the dungeon, and saw 2 of its levels.

You collected 97 gold pieces.

Inventory:

Hand Weapons
 a - a +0 long sword (weapon)
Armour
 b - a +0 scale mail (worn)
 c - a +0 shield (worn)
 l - a +0 pair of boots
Jewellery
 h - an uncursed amulet of the gourmand {unknown}
 k - an uncursed ring of fire {unknown}
Scrolls
 g - a scroll of teleportation {unknown}
 i - a scroll of magic mapping {unknown}
 m - a scroll of remove curse {unknown}
 n - a scroll of identify {unknown}
Potions
 d - a potion of might
 j - 2 potions of curing
Comestibles
 f - 3 rations


   Skills:
 - Level 3.7 Fighting
 + Level 3.2 Long Blades
 + Level 4.3 Armour
 + Level 1.7 Dodging
 + Level 4.2 Shields


You had 2 spell levels left.
You didn't know any spells.

Dungeon Overview and Level Annotations

Branches:
Dungeon (2/15)

Altars:
Xom
Zin


Innate Abilities, Weirdness & Mutations

You reflexively headbutt those who attack you in melee.
You have a pair of horns on your head.


Message History

You hit the orc priest.
The orc priest is lightly wounded.
You block the orc's attack. The orc priest barely misses you.
You furiously retaliate!
You headbutt the orc priest! The orc hits you but does no damage.
You block the goblin's attack. The orc hits you with a club.
The orc barely misses you.
You riposte.
You hit the orc.
The orc is heavily wounded.
The orc priest invokes the aid of Beogh against you.
Beogh smites you!
* * * LOW HITPOINT WARNING * * *
It was a potion of agility.
You feel agile all of a sudden.
The orc hits you from afar with a trident.
* * * LOW HITPOINT WARNING * * *
You block the goblin's attack. You block the orc's attack.
The orc hits you but does no damage.
The orc priest mumbles some strange prayers to Beogh against you.
Beogh smites you!
You die...

# . 8. #######. #.. ##
### ##....#8.
#...##8###8#####.....##.
.............##.>.......
.....ooog....##.........
.....oo@(....##....(....
##8###8###8#............
## ######.........
#......... ##........
##.....## ########


You could see an orc priest, 4 orcs and a goblin.

Vanquished Creatures
  An adder (D:2)
  2 worms (D:2)
  A dart slug (D:1)
  2 leopard geckos (D:1)
  4 ball pythons
  2 bats
  3 giant cockroaches
  4 goblins (D:1)
  6 hobgoblins (D:1)
  4 jackals (D:1)
  5 frilled lizards
  3 kobolds
  7 rats
44 creatures vanquished.

Notes
Turn   | Place    | Note
-------+----------+-------------------------------------------
     0 | D:1      | empire the Minotaur Fighter began the quest for the Orb.
     0 | D:1      | Reached XP level 1. HP: 19/19 MP: 0/0
   163 | D:1      | Reached XP level 2. HP: 27/27 MP: 1/1
   313 | D:1      | Reached skill level 1 in Dodging
   350 | D:1      | Reached XP level 3. HP: 32/33 MP: 2/2
   899 | D:2      | Found a glowing silver altar of Zin.
   900 | D:2      | Noticed an angel
   901 | D:2      | Found a shimmering altar of Xom.
   980 | D:2      | Killed from afar by an orc priest

Skill      XL: |  1  2  3 |
---------------+----------+-----
Armour         | 4 |  4.3
Shields        | 4 |  4.2
Dodging        | 1 |  1.7
Long Blades    | 3 |  3.2
Fighting       | |  3.7

Action                   || total
-------------------------++-------
Melee: Long sword        ||   111
       Headbutt          ||    17
  Use: Potion            ||     2
Armor: Scale mail        ||    47
Dodge: Dodged            ||    42
Block: Shield            ||    62
       Rpst.: Long sword ||    11
